 Dungeon Crawl Stone Soup version 0.23.2-1-ga50397a (webtiles) character file.

Game seed: 14536642949846894730

40 troglodite the Grave Robber (level 3, 0/25 HPs)
             Began as a Demonspawn Necromancer on May 27, 2019.
             Slain by an adder (2 damage)
             ... on level 2 of the Dungeon.
             The game lasted 00:06:46 (1962 turns).

troglodite the Grave Robber (DsNe)                  Turns: 1962, Time: 00:06:46

Health: 0/25       AC:  5    Str:  8    XL:     3   Next: 30%
Magic:  1/6        EV: 12    Int: 16    God:
Gold:   0          SH:  0    Dex: 14    Spells: 3/7 levels left

rFire    . . .     SeeInvis .   a - +0 dagger
rCold    + + .     Gourm    .   (no shield)
rNeg     . . .     Faith    .   f - +2 leather armour {rC+}
rPois    .         Spirit   .   (no helmet)
rElec    .         Reflect  .   (no cloak)
rCorr    .         Harm     .   (no gloves)
MR       .....                  (no boots)
Stlth    ++........             (no amulet)
HPRegen  0.08/turn              (no ring)
MPRegen  0.10/turn              (no ring)

@: lethally poisoned (0 -> -5), lightly drained
A: cold resistance 1
a: no special abilities


You were on level 2 of the Dungeon.
You were hungry.

You visited 1 branch of the dungeon, and saw 2 of its levels.

Inventory:

Hand Weapons
 a - a +0 dagger (weapon)
Armour
 f - a +2 leather armour of cold resistance (worn)
Scrolls
 d - a scroll of blinking {unknown}
 e - 2 scrolls of identify {unknown}
 h - a scroll of enchant weapon {unknown}
 j - a scroll of amnesia {unknown}
Potions
 b - a potion of heal wounds {unknown}
 g - a potion of invisibility {unknown}
 i - a potion of curing {unknown}
Comestibles
 c - a ration


   Skills:
 * Level 0.6(0.4) Fighting
 + Level 0.1(0.0) Armour
 * Level 2.1(1.9) Dodging
 * Level 2.0(1.8) Stealth
 * Level 2.5(2.2) Spellcasting
 * Level 4.8(4.6) Necromancy


You had 3 spell levels left.
You knew the following spells:

 Your Spells              Type           Power        Failure   Level  Hunger
a - Pain                  Necr           ###.         4%          1    #......
b - Regeneration          Chrm/Necr      #.........   34%         3    ###....

Your spell library contained the following spells:

 Spells                   Type           Power        Failure   Level  Hunger
 Animate Skeleton         Necr           N/A          4%          1    #......
 Vampiric Draining        Necr           ###.......   13%         3    ###....
 Animate Dead             Necr           N/A          41%         4    #####..


Dungeon Overview and Level Annotations

Branches:
Dungeon (2/15)

Altars:

Annotations:
D:2 1 runed translucent door, Crazy Yiuf


Innate Abilities, Weirdness & Mutations

Your flesh is cold resistant. (rC+)


Message History

The adder poisons you!
You hit the adder but do no damage.
The adder is lightly wounded.
The adder misses you.
Your leather armour prevents you from hitting the adder.
The adder is lightly wounded.
* * * LOW HITPOINT WARNING * * *
You feel sick.
Crazy Yiuf shouts!
The adder bites you.
* * * LOW HITPOINT WARNING * * *
You hit the adder.
The adder is moderately wounded.
The adder barely misses you.
Unknown command.
You closely miss the adder.
The adder is moderately wounded.
* * * LOW HITPOINT WARNING * * *
You feel sick. The adder bites you but does no damage. The adder bites you.
You die...

#.
##...##...#
# #$
##....####.#
# #. #....##
##.### #
#.#. #....#
#....# # #[#
#....#
####.######
#.# #...##
#....... #.#
##.##
####.######
#.# #S##
#....# # #.#
##@# ######
. #.# #.# #.
#<# ##. #.
......w.# +#
#. #.#######
.. #. ..# #z
.)# ###


You could see an adder.

Vanquished Creatures
  An adder (D:2)
  An ooze (D:1)
  2 dart slugs (D:1)
  5 goblins (D:1)
  3 hobgoblins (D:1)
  6 bats
  2 frilled lizards
  5 rats (D:1)
25 creatures vanquished.

Notes
Turn   | Place    | Note
-------+----------+-------------------------------------------
     0 | D:1      | troglodite the Demonspawn Necromancer began the quest for
                  | the Orb.
     0 | D:1      | Reached XP level 1. HP: 13/13 MP: 3/3
   494 | D:1      | Gained mutation: Your flesh is cold resistant. (rC+)
                  | [demonic ancestry]
   494 | D:1      | Reached XP level 2. HP: 16/20 MP: 0/5
  1408 | D:1      | Reached XP level 3. HP: 23/25 MP: 3/6
  1605 | D:1      | Learned a level 3 spell: Regeneration
  1955 | D:2      | Found a runed translucent door.
  1956 | D:2      | Noticed Crazy Yiuf
  1962 | D:2      | Slain by an adder

Skill      XL: |  1  2 |
---------------+-------+-----
Dodging        | 2 |  2.1
Stealth        | 2 |  2.0
Fighting       | |  0.6
Armour         | |  0.1
Spellcasting   | |  2.5
Necromancy     | |  4.8

Action                   || total
-------------------------++-------
Melee: Unarmed           ||     4
       Dagger            ||    15
 Cast: Pain              ||    52
       Regeneration      ||     1
  Eat: Chunk             ||     3
Armor: Robe              ||     1
       Leather armour    ||    15
Dodge: Dodged            ||    22
